TOP OF THE 1ST |
Arizona State University Sun Devils batting - Pitching for University of Miami Hurricanes : RHP Alberto Arellano
|
Pitching: RHP Alberto Arellano
|
|
Batting: RHB Rusty Gee
|
0-0: Ball 1-0: Ground out U3 (Groundball, 3, EV 87.5 MPH)
|
Batting: RHB Martin Boyle
|
0-0: Called Strike 0-1: SINGLE (Flyball, 8RS, EV 100.0 MPH)
|
Batting: LHB Randy Marquez
|
0-0: Called Strike 0-1: SINGLE (Line Drive, 78S, EV 87.5 MPH) Martin Boyle to second
|
Batting: RHB Chris DeLuise
|
0-0: Reached on error, E4 (Groundball, 4MS, EV 72.5 MPH) Martin Boyle to third Randy Marquez to second
|
Batting: SHB Manny Aponte
|
0-0: Called Strike 0-1: Ball 1-1: Foul Ball, location: 2F 1-2: Foul Ball, location: 2F 1-2: Ball 2-2: Reached on error, E3 (Groundball, 3, EV 110.0 MPH) Martin Boyle scores Randy Marquez to third Chris DeLuise to second
|
Batting: RHB John Burgis
|
0-0: Ball 1-0: Ball 2-0: Foul Ball, location: 2F 2-1: Foul Ball, location: 2F 2-2: Strikes out swinging
|
Batting: LHB Dustin Gill
|
0-0: Ball 1-0: Foul Ball, location: 2F 1-1: Swinging Strike 1-2: Strikes out looking
|
Top of the 1st over - 1 run, 2 hits, 2 errors, 3 left on base; Arizona State University 1 - University of Miami 0 |
BOTTOM OF THE 1ST |
University of Miami Hurricanes batting - Pitching for Arizona State University Sun Devils : RHP Roberto Silva
|
Pitching: RHP Roberto Silva
|
|
Batting: LHB Brian Woods
|
0-0: Ball 1-0: Ball 2-0: Foul Ball, location: 2F 2-1: Ground out 6-3 (Groundball, 56, EV 80.6 MPH)
|
Batting: RHB Mark Kerr
|
0-0: Called Strike 0-1: Ball 1-1: Foul Ball, location: 2F 1-2: Ball 2-2: Strikes out swinging
|
Batting: RHB Burke Miller
|
0-0: Ball 1-0: Ball 2-0: Called Strike 2-1: Foul Ball, location: 2F 2-2: Ground out 3-1 (Groundball, 34, EV 94.4 MPH)
|
Bottom of the 1st over - 0 runs, 0 hits, 0 errors, 0 left on base; Arizona State University 1 - University of Miami 0 |
TOP OF THE 2ND |
Arizona State University Sun Devils batting - Pitching for University of Miami Hurricanes : RHP Alberto Arellano
|
Batting: LHB Burraga Iukini
|
0-0: Foul Ball, location: 2F 0-1: Swinging Strike 0-2: Ball 1-2: Ball 2-2: Ball 3-2: Strikes out swinging
|
Batting: RHB Kawenaula Kapali
|
0-0: Ball 1-0: Fly out, F9 (Flyball, 89M, EV 92.5 MPH)
|
Batting: RHB Rusty Gee
|
0-0: Called Strike 0-1: Swinging Strike 0-2: Strikes out swinging
|
Top of the 2nd over - 0 runs, 0 hits, 0 errors, 0 left on base; Arizona State University 1 - University of Miami 0 |
BOTTOM OF THE 2ND |
University of Miami Hurricanes batting - Pitching for Arizona State University Sun Devils : RHP Roberto Silva
|
Batting: RHB Chris Zubia
|
0-0: Ball 1-0: Called Strike 1-1: Ball 2-1: Foul Ball, location: 2F 2-2: Ball 3-2: Base on Balls
|
Batting: LHB Dennis Jones
|
0-0: Called Strike 0-1: Called Strike 0-2: Foul Ball, location: 2F 0-2: Ball 1-2: Strikes out swinging
|
Batting: SHB Taylor Shelton
|
0-0: Ball 1-0: Ball 2-0: Called Strike 2-1: Ground out 4-3 (Groundball, 34, EV 88.8 MPH) Chris Zubia to second
|
Batting: RHB C.J. Fleet
|
0-0: Foul Ball, location: 2F 0-1: Foul Ball, location: 2F 0-2: Foul Ball, location: 2F 0-2: Strikes out swinging
|
Bottom of the 2nd over - 0 runs, 0 hits, 0 errors, 1 left on base; Arizona State University 1 - University of Miami 0 |
TOP OF THE 3RD |
Arizona State University Sun Devils batting - Pitching for University of Miami Hurricanes : RHP Alberto Arellano
|
Batting: RHB Martin Boyle
|
0-0: Called Strike 0-1: Hit by Pitch
|
Batting: LHB Randy Marquez
|
0-0: Fly out, F6 (Popup, 56D, EV 51.2 MPH)
|
Batting: RHB Chris DeLuise
|
0-0: Ball 1-0: Ball 2-0: Foul Ball, location: 2F 2-1: SINGLE (Flyball, 78S, EV 97.5 MPH) Martin Boyle to second
|
Batting: SHB Manny Aponte
|
0-0: Ball 1-0: Foul Ball, location: 2F 1-1: Foul Ball, location: 2F 1-2: Strikes out swinging
|
Batting: RHB John Burgis
|
0-0: Ball 1-0: Ball 2-0: Called Strike 2-1: Swinging Strike 2-2: Ball 3-2: Strikes out swinging
|
Top of the 3rd over - 0 runs, 1 hit, 0 errors, 2 left on base; Arizona State University 1 - University of Miami 0 |
BOTTOM OF THE 3RD |
University of Miami Hurricanes batting - Pitching for Arizona State University Sun Devils : RHP Roberto Silva
|
Batting: LHB Addergoole Kartosuwiryo
|
0-0: Ball 1-0: Fly out, F7 (Flyball, 7, EV 98.1 MPH)
|
Batting: RHB Sam Costello
|
0-0: Called Strike 0-1: Ground out 5-3 (Groundball, 5, EV 87.5 MPH)
|
Batting: LHB Brian Woods
|
0-0: Ball 1-0: Called Strike 1-1: Fly out, F9 (Flyball, 9D, EV 100.6 MPH)
|
Bottom of the 3rd over - 0 runs, 0 hits, 0 errors, 0 left on base; Arizona State University 1 - University of Miami 0 |
TOP OF THE 4TH |
Arizona State University Sun Devils batting - Pitching for University of Miami Hurricanes : RHP Alberto Arellano
|
Batting: LHB Dustin Gill
|
0-0: Ball 1-0: Ground out 1-3 (Groundball, 15S, EV 68.1 MPH)
|
Batting: LHB Burraga Iukini
|
0-0: Called Strike 0-1: Ball 1-1: Fly out, F9 (Flyball, 9S, EV 80.6 MPH)
|
Batting: RHB Kawenaula Kapali
|
0-0: Ball 1-0: Ball 2-0: Called Strike 2-1: Called Strike 2-2: Ball 3-2: Ground out 6-3 (Groundball, 6, EV 86.2 MPH)
|
Top of the 4th over - 0 runs, 0 hits, 0 errors, 0 left on base; Arizona State University 1 - University of Miami 0 |
BOTTOM OF THE 4TH |
University of Miami Hurricanes batting - Pitching for Arizona State University Sun Devils : RHP Roberto Silva
|
Batting: RHB Mark Kerr
|
0-0: Foul Ball, location: 2F 0-1: Bunted foul 0-2: Ball 1-2: Strikes out swinging
|
Batting: RHB Burke Miller
|
0-0: Ball 1-0: Ball 2-0: Swinging Strike 2-1: Ground out 4-3 (Groundball, 4, EV 102.5 MPH)
|
Batting: RHB Chris Zubia
|
0-0: Ball 1-0: Ball 2-0: Ball 3-0: Called Strike 3-1: Called Strike 3-2: Foul Ball, location: 2F 3-2: Foul Ball, location: 2F 3-2: Fly out, F7 (Flyball, 7D, EV 101.9 MPH)
|
Bottom of the 4th over - 0 runs, 0 hits, 0 errors, 0 left on base; Arizona State University 1 - University of Miami 0 |
TOP OF THE 5TH |
Arizona State University Sun Devils batting - Pitching for University of Miami Hurricanes : RHP Alberto Arellano
|
Batting: RHB Rusty Gee
|
0-0: Ball 1-0: Ball 2-0: Called Strike 2-1: Foul Ball, location: 2F 2-2: Ball 3-2: Fly out, F8 (Flyball, 8RD, EV 107.5 MPH)
|
Batting: RHB Martin Boyle
|
0-0: Ground out 6-3 (Groundball, P, EV 84.4 MPH)
|
Batting: LHB Randy Marquez
|
0-0: Ball 1-0: Ball 2-0: Ball 3-0: Called Strike 3-1: Foul Ball, location: 2F 3-2: SOLO HOME RUN (Line Drive, 9D, EV 95.0 MPH), Distance : 358 ft
|
Batting: RHB Chris DeLuise
|
0-0: DOUBLE (Flyball, 8LD, EV 101.2 MPH)
|
Pitching: RHP Josh Sundberg
|
|
Batting: SHB Manny Aponte
|
0-0: Swinging Strike 0-1: Foul Ball, location: 2F 0-2: Foul Ball, location: 2F 0-2: Ball 1-2: SINGLE (Groundball, P, EV 90.6 MPH) (infield hit) Chris DeLuise to third
|
Batting: RHB John Burgis
|
0-0: Foul Ball, location: 2F 0-1: Hit by Pitch Manny Aponte to second
|
Batting: LHB Dustin Gill
|
0-0: DOUBLE (Groundball, 5L, EV 104.4 MPH) Chris DeLuise scores Manny Aponte scores John Burgis to third Runner from 3rd tries for Home, SAFE, throw by LF to home
|
Batting: LHB Burraga Iukini
|
0-0: Ball 1-0: Fly out, F7 (Flyball, 78M, EV 91.9 MPH)
|
Top of the 5th over - 4 runs, 4 hits, 0 errors, 1 left on base; Arizona State University 5 - University of Miami 0 |
BOTTOM OF THE 5TH |
University of Miami Hurricanes batting - Pitching for Arizona State University Sun Devils : RHP Roberto Silva
|
Batting: LHB Dennis Jones
|
0-0: Called Strike 0-1: Swinging Strike 0-2: Strikes out swinging
|
Batting: SHB Taylor Shelton
|
0-0: Called Strike 0-1: Ball 1-1: SINGLE (Groundball, 6D, EV 103.1 MPH)
|
Batting: RHB C.J. Fleet
|
0-0: Ball Taylor Shelton is caught stealing 2nd base 2-4 1-0: Ball 2-0: Ground out 2-3 (Groundball, 2L, EV 63.8 MPH)
|
Bottom of the 5th over - 0 runs, 1 hit, 0 errors, 0 left on base; Arizona State University 5 - University of Miami 0 |
TOP OF THE 6TH |
Arizona State University Sun Devils batting - Pitching for University of Miami Hurricanes : RHP Josh Sundberg
|
Batting: RHB Kawenaula Kapali
|
0-0: Foul Ball, location: 2F 0-1: Ball 1-1: Ball 2-1: Swinging Strike 2-2: Ball 3-2: Base on Balls
|
Batting: RHB Rusty Gee
|
0-0: Ball 1-0: Swinging Strike 1-1: Ball 2-1: Ball 3-1: Called Strike 3-2: Foul Ball, location: 2F 3-2: Fielders Choice at 2nd, 6-4 (Groundball, 6S, EV 81.9 MPH)
|
Batting: RHB Martin Boyle
|
0-0: Ball 1-0: Foul Ball, location: 2F 1-1: Ball Rusty Gee is caught stealing 2nd base 2-4 2-1: Swinging Strike 2-2: Ground out 5-3 (Groundball, 5S, EV 91.9 MPH)
|
Top of the 6th over - 0 runs, 0 hits, 0 errors, 0 left on base; Arizona State University 5 - University of Miami 0 |
BOTTOM OF THE 6TH |
University of Miami Hurricanes batting - Pitching for Arizona State University Sun Devils : RHP Roberto Silva
|
Batting: LHB Addergoole Kartosuwiryo
|
0-0: Foul Ball, location: 2F 0-1: Called Strike 0-2: Ball 1-2: Ball 2-2: Ground out U3 (Groundball, 34, EV 85.6 MPH)
|
Batting: RHB Sam Costello
|
0-0: Called Strike 0-1: Ball 1-1: Ball 2-1: Ball 3-1: Fly out, F3 (Popup, 23F, EV 87.5 MPH)
|
Batting: LHB Brian Woods
|
0-0: Ball 1-0: Ground out U3 (Groundball, 13, EV 76.2 MPH)
|
Bottom of the 6th over - 0 runs, 0 hits, 0 errors, 0 left on base; Arizona State University 5 - University of Miami 0 |
TOP OF THE 7TH |
Arizona State University Sun Devils batting - Pitching for University of Miami Hurricanes : RHP Josh Sundberg
|
Batting: LHB Randy Marquez
|
0-0: Foul Ball, location: 2F 0-1: Foul Ball, location: 2F 0-2: Strikes out swinging
|
Batting: RHB Chris DeLuise
|
0-0: Ground out 6-3 (Groundball, 6, EV 80.0 MPH)
|
Batting: SHB Manny Aponte
|
0-0: Ball 1-0: Foul Ball, location: 2F 1-1: Swinging Strike 1-2: Foul Ball, location: 2F 1-2: Strikes out looking
|
Top of the 7th over - 0 runs, 0 hits, 0 errors, 0 left on base; Arizona State University 5 - University of Miami 0 |
BOTTOM OF THE 7TH |
University of Miami Hurricanes batting - Pitching for Arizona State University Sun Devils : RHP Roberto Silva
|
Pitching: LHP Tony Garcia
|
|
Batting: RHB Mark Kerr
|
0-0: Ball 1-0: Ball 2-0: Ball 3-0: Base on Balls
|
Batting: RHB Burke Miller
|
0-0: Ball 1-0: Called Strike 1-1: Ball 2-1: Swinging Strike 2-2: Strikes out looking
|
Batting: RHB Chris Zubia
|
0-0: Called Strike 0-1: Ball 1-1: Fielders Choice at 2nd, 5-4 (Groundball, 5, EV 78.8 MPH)
|
Batting: LHB Dennis Jones
|
0-0: Swinging Strike 0-1: Swinging Strike 0-2: SINGLE (Flyball, 3D, EV 96.2 MPH) Chris Zubia to second Runner from 2nd tries for 3rd, OUT! 9-5
|
Bottom of the 7th over - 0 runs, 1 hit, 0 errors, 1 left on base; Arizona State University 5 - University of Miami 0 |
TOP OF THE 8TH |
Arizona State University Sun Devils batting - Pitching for University of Miami Hurricanes : RHP Josh Sundberg
|
Pitching: RHP Ernie Zepeda
|
|
Batting: RHB John Burgis
|
0-0: Called Strike 0-1: Foul Ball, location: 2F 0-2: Ball 1-2: Foul Ball, location: 2F 1-2: Reached on error, E5 (Groundball, 56, EV 90.6 MPH)
|
Batting: LHB Dustin Gill
|
0-0: Ball 1-0: Foul Ball, location: 2F 1-1: Ball 2-1: Swinging Strike 2-2: Ball 3-2: Foul Ball, location: 2F 3-2: Strikes out swinging
|
Batting: LHB Burraga Iukini
|
0-0: Called Strike 0-1: Ball 1-1: Foul Ball, location: 2F 1-2: Ball 2-2: Ball 3-2: Fielders Choice at 2nd, 5-4 (Groundball, 56, EV 108.1 MPH)
|
Batting: RHB Kawenaula Kapali
|
0-0: Ball 1-0: Called Strike 1-1: Ball 2-1: Ground out U3 (Groundball, 3L, EV 101.2 MPH)
|
Top of the 8th over - 0 runs, 0 hits, 1 error, 1 left on base; Arizona State University 5 - University of Miami 0 |
BOTTOM OF THE 8TH |
University of Miami Hurricanes batting - Pitching for Arizona State University Sun Devils : LHP Tony Garcia
|
Batting: SHB Taylor Shelton
|
0-0: Swinging Strike 0-1: DOUBLE (Groundball, 5L, EV 102.5 MPH)
|
Batting: RHB C.J. Fleet
|
0-0: Reached on error, E3 (Groundball, 3L, EV 103.1 MPH) Taylor Shelton to third
|
Batting: LHB Addergoole Kartosuwiryo
|
0-0: Foul Ball, location: 2F 0-1: Ball 1-1: Foul Ball, location: 2F 1-2: Ball 2-2: Grounds into double play, 5-4-3 (Groundball, 5, EV 111.9 MPH) Taylor Shelton scores
|
Batting: RHB Sam Costello
|
0-0: Called Strike 0-1: Ball 1-1: Ground out 3-1 (Groundball, 34S, EV 87.5 MPH)
|
Bottom of the 8th over - 1 run, 1 hit, 1 error, 0 left on base; Arizona State University 5 - University of Miami 1 |
TOP OF THE 9TH |
Arizona State University Sun Devils batting - Pitching for University of Miami Hurricanes : RHP Ernie Zepeda
|
Pitching: LHP Bill MacDermid
|
|
Batting: RHB Rusty Gee
|
0-0: Foul Ball, location: 2F 0-1: Swinging Strike 0-2: Foul Ball, location: 2F 0-2: Strikes out swinging
|
Batting: RHB Martin Boyle
|
0-0: Foul Ball, location: 2F 0-1: Foul Ball, location: 2F 0-2: SINGLE (Groundball, 4M, EV 103.8 MPH) (infield hit)
|
Batting: LHB Randy Marquez
|
0-0: Called Strike 0-1: Ball 1-1: Fielders Choice at 2nd, 4-6 (Groundball, 4, EV 83.8 MPH)
|
Batting: RHB Chris DeLuise
|
0-0: Called Strike 0-1: Foul Ball, location: 2F 0-2: Ball 1-2: Ball 2-2: Strikes out swinging
|
Top of the 9th over - 0 runs, 1 hit, 0 errors, 1 left on base; Arizona State University 5 - University of Miami 1 |
BOTTOM OF THE 9TH |
University of Miami Hurricanes batting - Pitching for Arizona State University Sun Devils : LHP Tony Garcia
|
Pitching: LHP Jorge Ruiz
|
|
Batting: LHB Brian Woods
|
0-0: Called Strike 0-1: Ball 1-1: Ball 2-1: Called Strike 2-2: Strikes out swinging
|
Pinch Hitting: RHB Drew Morgenstern
|
0-0: Foul Ball, location: 2F 0-1: Ball 1-1: SINGLE (Groundball, 6S, EV 60.0 MPH) (infield hit)
|
Batting: RHB Burke Miller
|
0-0: Called Strike 0-1: Ball 1-1: Swinging Strike 1-2: Fly out, F3 (Popup, 3F, EV 59.4 MPH)
|
Batting: RHB Chris Zubia
|
0-0: Ball 1-0: Ball 2-0: Swinging Strike 2-1: Foul Ball, location: 2F 2-2: Foul Ball, location: 2F 2-2: Ball 3-2: Fly out, F5 (Line Drive, 5L, EV 68.1 MPH)
|
Bottom of the 9th over - 0 runs, 1 hit, 0 errors, 1 left on base; Arizona State University 5 - University of Miami 1 |
|